cohdb
Replays
Latest Replays
All Replays
Popular Replays
Top Player Replays
Match Explorer
How It Works
Community
CoH3 Stats
Reddit
Sign in to upload your games and track your stats! →
Sign in with Steam
Match 45950997
Unlisted
Match 45950997
Overview
Messages
Build Orders
End
Royal Engineer Section
Vickers Machine Gun Team
Construct Section Command Post
Infantry Section
ML 3-inch Mortar Team
Selects Air and Sea Battlegroup
Selects Air and Sea Battlegroup
Selects Commando Section Paradrop
Commando Section Paradrop
Construct Platoon Command Post
Selects Supply Surplus
Construct Resource Cache
Construct Company Command Post
Crusader II Medium Tank
Crusader II Medium Tank
Construct Resource Cache
Royal Engineer Section
Crusader II Medium Tank
Selects M1 Pack Howitzer Paradrop
Selects Incendiary Bombing Run
Crusader II Medium Tank
Selects M1 Pack Howitzer Paradrop
Selects Anti-tank Rocket Loiter
Selects UNKNOWN (223837)
Armored Vehicle Training
Crusader II Medium Tank
NewPeopleArmy
Come2me47
CPU - VERY EASY
mitrii26rus
Peppe
Vipper
manchesterunited_2016
Minnie
0
0
Comments
sign in to comment!
No comments posted yet!